% Time on Ice - KANSAS CITY KILLERBEES
Lines # - Real PCT - Wanted PCT - Time Play
Normal Forward
1 - 33% - 36% - 17:47
2 - 28% - 31% - 15:05
3 - 23% - 23% - 12:39
4 - 16% - 10% - 8:32
Normal Defense
1 - 32% - 36% - 17:29
2 - 34% - 31% - 18:09
3 - 25% - 23% - 13:42
4 - 9% - 10% - 4:43
PP Forward
1 - 50% - 55% - 1:00
2 - 50% - 45% - 0:59
PP Defense
1 - 50% - 55% - 1:00
2 - 50% - 45% - 0:59
PK Forward
1 - 81% - 55% - 3:12
2 - 19% - 45% - 0:46
PK Defense
1 - 63% - 55% - 2:29
2 - 37% - 45% - 1:29
PK3 Forward
1 - 0% - 55%
2 - 0% - 45%
PK3 Defense
1 - 0% - 55%
2 - 0% - 45%
44 Forward
1 - 0% - 55%
2 - 0% - 45%
44 Defense
1 - 0% - 55%
2 - 0% - 45%
Last Minute Offensive  - 0:00
Last Minute Defensive  - 0:00
Total
Forward - 60:00
Defense - 60:00
% Time on Ice - BANFF WOLVES
Lines # - Real PCT - Wanted PCT - Time Play
Normal Forward
1 - 36% - 36% - 19:27
2 - 23% - 31% - 12:11
3 - 19% - 29% - 10:31
4 - 22% - 4% - 11:54
Normal Defense
1 - 35% - 39% - 18:51
2 - 31% - 32% - 16:42
3 - 31% - 23% - 16:52
4 - 3% - 6% - 1:38
PP Forward
1 - 64% - 55% - 2:33
2 - 36% - 45% - 1:25
PP Defense
1 - 54% - 55% - 2:09
2 - 46% - 45% - 1:49
PK Forward
1 - 58% - 55% - 1:09
2 - 42% - 45% - 0:50
PK Defense
1 - 57% - 55% - 1:08
2 - 43% - 45% - 0:51
PK3 Forward
1 - 0% - 55%
2 - 0% - 45%
PK3 Defense
1 - 0% - 55%
2 - 0% - 45%
44 Forward
1 - 0% - 55%
2 - 0% - 45%
44 Defense
1 - 0% - 55%
2 - 0% - 45%
Last Minute Offensive  - 0:00
Last Minute Defensive  - 0:00
Total
Forward - 60:00
Defense - 60:00
Play-by-Play 1st period 0:01 of 1st period - Roope Hintz wins face-off versus Mason Marchment in neutral zone. 0:04 of 1st period - Shot by Kyle Connor. 0:04 of 1st period - Shot Misses the Net. 0:06 of 1st period - Shot by Miro Heiskanen. 0:06 of 1st period - Stopped by Ilya Samsonov without a rebound. 0:07 of 1st period - Yegor Sharangovich wins face-off versus Vincent Trocheck in KANSAS CITY KILLERBEES zone. 0:07 of 1st period - Buddy Robinson is hit by Vincent Trocheck and loses puck. 0:17 of 1st period - Shot by Dawson Mercer. 0:17 of 1st period - Shot Blocked by Colin Miller. 0:40 of 1st period - Vincent Trocheck is hit by Keith Yandle and loses puck. 0:46 of 1st period - Vincent Trocheck is hit by Colin Miller. 0:53 of 1st period - Brady Tkachuk is hit by Colin Miller and loses puck. 1:22 of 1st period - Shot by Kyle Connor. 1:22 of 1st period - Shot Misses the Net. 1:24 of 1st period - Shot by Miro Heiskanen. 1:24 of 1st period - Stopped by Ilya Samsonov without a rebound. 1:25 of 1st period - Dryden Hunt wins face-off versus Mason Marchment in KANSAS CITY KILLERBEES zone. 1:25 of 1st period - Logan O'Connor is hit by K'Andre Miller and loses puck. 1:30 of 1st period - Shot by Logan O'Connor. 1:30 of 1st period - Shot Misses the Net. 1:32 of 1st period - Shot by Joe Snively. 1:32 of 1st period - Shot Misses the Net. 1:34 of 1st period - Shot by Jacob Bryson. 1:34 of 1st period - Shot Misses the Net. 1:36 of 1st period - Shot by Dryden Hunt. 1:36 of 1st period - Shot Blocked by K'Andre Miller. 1:38 of 1st period - Shot by Logan O'Connor. 1:38 of 1st period - Stopped by Ilya Samsonov without a rebound. 1:39 of 1st period - Tyler Johnson wins face-off versus Roope Hintz in KANSAS CITY KILLERBEES zone. 1:55 of 1st period - Off-side. 1:56 of 1st period - Sean Couturier wins face-off versus Mason Marchment in neutral zone. 2:18 of 1st period - Shot by Sean Couturier. 2:18 of 1st period - Shot Misses the Net. 2:23 of 1st period - Icing by Cam Fowler. 2:24 of 1st period - Roope Hintz wins face-off versus Mason Marchment in KANSAS CITY KILLERBEES zone. 3:21 of 1st period - Alex Tuch is hit by Tyler Johnson. 3:30 of 1st period - Off-side. 3:31 of 1st period - Sean Couturier wins face-off versus Jake Lucchini in neutral zone. 3:47 of 1st period - Dawson Mercer is hit by Keith Yandle and loses puck. 3:56 of 1st period - Shot by Sean Couturier. 3:56 of 1st period - Stopped by Ilya Samsonov with a rebound. 3:58 of 1st period - Shot by Jamie Oleksiak. 3:58 of 1st period - Stopped by Ilya Samsonov without a rebound. 3:59 of 1st period - Tyler Johnson wins face-off versus Dryden Hunt in KANSAS CITY KILLERBEES zone. 4:04 of 1st period - Shot by Will Butcher. 4:04 of 1st period - Shot Blocked by Miro Heiskanen. 5:15 of 1st period - Icing by Cam Fowler. 5:16 of 1st period - Roope Hintz wins face-off versus Yegor Sharangovich in KANSAS CITY KILLERBEES zone. 5:39 of 1st period - Shot by Roope Hintz. 5:39 of 1st period - Shot Misses the Net. 6:00 of 1st period - Off-side. 6:01 of 1st period - Jake Lucchini wins face-off versus Sean Couturier in neutral zone. 6:17 of 1st period - Sean Couturier is hit by Colin Miller and loses puck. 6:30 of 1st period - Dawson Mercer is hit by Maxwell Willman and loses puck. 6:36 of 1st period - Maxwell Willman is hit by Sean Couturier and loses puck. 6:38 of 1st period - Minor Penalty to Alex Galchenyuk for Interference. 6:39 of 1st period - Sean Couturier wins face-off versus Mason Marchment in BANFF WOLVES zone. 6:58 of 1st period - Shot by Cam Fowler. 6:58 of 1st period - Stopped by Jeremy Swayman with a rebound. 7:02 of 1st period - Shot by James van Riemsdyk. 7:02 of 1st period - Shot Blocked by Esa Lindell. 7:04 of 1st period - Shot by Mason Marchment. 7:04 of 1st period - Shot Misses the Net. 8:35 of 1st period - Off-side. 8:36 of 1st period - Sean Couturier wins face-off versus Mason Marchment in neutral zone. 8:57 of 1st period - Shot by Tyler Johnson. 8:57 of 1st period - Stopped by Jeremy Swayman without a rebound. 8:58 of 1st period - Jake Lucchini wins face-off versus Dawson Mercer in BANFF WOLVES zone. 9:27 of 1st period - Shot by Maxwell Willman. 9:27 of 1st period - Stopped by Jeremy Swayman with a rebound. 9:29 of 1st period - Shot by Cam Fowler. 9:29 of 1st period - Shot Misses the Net. 10:29 of 1st period - Icing by Keith Yandle. 10:30 of 1st period - Tyler Johnson wins face-off versus Kyle Connor in KANSAS CITY KILLERBEES zone. 10:37 of 1st period - Shot by Alex Tuch. 10:37 of 1st period - Stopped by Ilya Samsonov with a rebound. 10:39 of 1st period - Shot by Roope Hintz. 10:39 of 1st period - Shot Hit the Post. 10:41 of 1st period - Shot by Roope Hintz. 10:41 of 1st period - Shot Misses the Net. 10:49 of 1st period - Shot by Roope Hintz. 10:49 of 1st period - Shot Misses the Net. 11:30 of 1st period - Off-side. 11:31 of 1st period - Mason Marchment wins face-off versus Dryden Hunt in neutral zone. 12:25 of 1st period - Dryden Hunt is hit by Buddy Robinson and loses puck. 13:09 of 1st period - Shot by Alex Tuch. 13:09 of 1st period - Stopped by Ilya Samsonov with a rebound. 13:53 of 1st period - Shot by Sean Couturier. 13:53 of 1st period - Stopped by Ilya Samsonov without a rebound. 13:54 of 1st period - Vincent Trocheck wins face-off versus Mason Marchment in KANSAS CITY KILLERBEES zone. 13:57 of 1st period - Shot by Brady Tkachuk. 13:57 of 1st period - Shot Misses the Net. 13:59 of 1st period - Shot by Vincent Trocheck. 13:59 of 1st period - Shot Blocked by Colin Miller. 14:03 of 1st period - Shot by Brady Tkachuk. 14:03 of 1st period - Deflect By Vincent Trocheck. 14:03 of 1st period - Stopped by Ilya Samsonov without a rebound. 14:04 of 1st period - Tyler Johnson wins face-off versus Sean Couturier in KANSAS CITY KILLERBEES zone. 14:15 of 1st period - Shot by Tyler Johnson. 14:15 of 1st period - Stopped by Jeremy Swayman with a rebound. 14:23 of 1st period - Shot by Alex Galchenyuk. 14:23 of 1st period - Shot Blocked by Anders Bjork. 14:52 of 1st period - Icing by Will Butcher. 14:53 of 1st period - Roope Hintz wins face-off versus Tyler Johnson in KANSAS CITY KILLERBEES zone. 15:06 of 1st period - Alex Tuch is hit by Will Butcher and loses puck. 15:16 of 1st period - Kyle Connor is hit by Will Butcher and loses puck. 15:21 of 1st period - Shot by Roope Hintz. 15:21 of 1st period - Shot Misses the Net. 15:23 of 1st period - Shot by Dougie Hamilton. 15:23 of 1st period - Shot Misses the Net. 16:02 of 1st period - Shot by Dryden Hunt. 16:02 of 1st period - Deflect By Logan O'Connor. 16:02 of 1st period - Shot Blocked by Cam Fowler. 16:17 of 1st period - Logan O'Connor is hit by Mason Marchment. 17:17 of 1st period - Shot by Sean Couturier. 17:17 of 1st period - Shot Misses the Net. 17:32 of 1st period - Dawson Mercer is hit by Colin Miller and loses puck. 17:54 of 1st period - Shot by Roope Hintz. 17:54 of 1st period - Stopped by Ilya Samsonov with a rebound. 17:58 of 1st period - Shot by Kyle Connor. 17:58 of 1st period - Shot Misses the Net. 18:46 of 1st period - Yegor Sharangovich is hit by Brady Tkachuk and loses puck. Goals for this period are 0 for KANSAS CITY KILLERBEES vs 0 for BANFF WOLVES. Shots for this period are 4 for KANSAS CITY KILLERBEES vs 10 for BANFF WOLVES. 2nd period 0:01 of 2nd period - Vincent Trocheck wins face-off versus Mason Marchment in neutral zone. 0:10 of 2nd period - Shot by Vincent Trocheck. 0:10 of 2nd period - Shot Misses the Net. 0:12 of 2nd period - Shot by Miro Heiskanen. 0:12 of 2nd period - Shot Misses the Net. 0:30 of 2nd period - Shot by Brady Tkachuk. 0:30 of 2nd period - Shot Misses the Net. 0:32 of 2nd period - Shot by Vincent Trocheck. 0:32 of 2nd period - Shot Blocked by Cam Fowler. 0:57 of 2nd period - Cam Fowler is hit by Roope Hintz and loses puck. 1:45 of 2nd period - Icing by Cam Fowler. 1:46 of 2nd period - Dryden Hunt wins face-off versus Mason Marchment in KANSAS CITY KILLERBEES zone. 3:11 of 2nd period - Icing by Miro Heiskanen. 3:12 of 2nd period - Sean Couturier wins face-off versus Tyler Johnson in BANFF WOLVES zone. 3:25 of 2nd period - Shot by Sean Couturier. 3:25 of 2nd period - Stopped by Ilya Samsonov with a rebound. 3:27 of 2nd period - Shot by Dougie Hamilton. 3:27 of 2nd period - Shot Hit the Post. 3:30 of 2nd period - Sean Couturier is hit by Colin Miller and loses puck. 4:03 of 2nd period - Minor Penalty to MacKenzie Entwistle for Hooking. 4:04 of 2nd period - Roope Hintz wins face-off versus Yegor Sharangovich in KANSAS CITY KILLERBEES zone. 4:16 of 2nd period - Shot by Roope Hintz. 4:16 of 2nd period - Shot Misses the Net. 6:14 of 2nd period - Shot by Logan O'Connor. 6:14 of 2nd period - Deflect By Joe Snively. 6:14 of 2nd period - Shot Misses the Net. 6:18 of 2nd period - Shot by Dryden Hunt. 6:18 of 2n